 Dungeon Crawl Stone Soup version 0.13-a0-3016-gcb2faac (webtiles) character file.

235 Malachi the Covered (level 4, -1/35 HPs)
             Began as a Djinni Fighter on Sept 12, 2013.
             Slain by Crazy Yiuf
             ... wielding a +4,+3 quarterstaff of chaos
              (7 damage)
             ... on Level 3 of the Dungeon.
             The game lasted 00:05:38 (2211 turns).

Malachi the Covered (Djinni Fighter)                Turns: 2211, Time: 00:05:39

HP  -1/35        AC  8     Str 22      XL: 4   Next: 70%
MP   0/0         EV  7     Int  8      God:
Gold 119         SH 19     Dex 12      Spells:  0 memorised,  3 levels left

Res.Fire  : + + +   See Invis. : .   a - +0 falchion
Res.Cold  : x . .   Warding    : .   g - +0 scale mail
Life Prot.: + + +   Conserve   : .   c - +0 shield
Res.Poison: .       Res.Corr.  : .   j - +0 horned helmet
Res.Elec. : .       Clarity    : .   (no cloak)
Sust.Abil.: . .     Spirit.Shd : .   (no gloves)
Res.Mut.  : .       Stasis     : .   (boots unavailable)
Res.Rott. : .       Flight     : .   (no amulet)
Saprovore : . . .                    (no ring)
                                     h - +4 ring of strength

@: quite poisoned, slightly resistant to hostile enchantments, extremely
unstealthy
A: fire immunity, cold vulnerability, life protection 3
a: no special abilities


You were on level 3 of the Dungeon.
You were not hungry.

You visited 1 branch of the dungeon, and saw 3 of its levels.

You collected 99 gold pieces.

Inventory:

Hand weapons
 a - a +0,+0 falchion (weapon)
Armour
 c - a +0 shield (worn)
 f - a +0 helmet
 g - a +0 scale mail (worn)
 j - a +0 horned helmet (worn)
 n - a +0 elven cloak
Scrolls
 b - a scroll of amnesia
 d - 2 scrolls of remove curse
 i - 3 scrolls of identify
 k - 2 scrolls of teleportation
 m - a scroll of fear
 p - a scroll of enchant armour {unknown}
 q - a scroll of noise {unknown}
Jewellery
 h - a +4 ring of strength (left hand)
Potions
 l - a potion of curing {unknown}
 o - a potion of resistance {unknown}


   Skills:
 + Level 3.0 Fighting
 + Level 2.2 Long Blades
 + Level 4.1 Armour
 + Level 1.7 Dodging
 + Level 4.0 Shields


You had 3 spell levels left.
You didn't know any spells.

Dungeon Overview and Level Annotations

Branches:
Dungeon (3/27)

Altars:
Makhleb
Nemelex Xobeh

Annotations:
D:2 Sigmund
D:3 Crazy Yiuf


Innate Abilities, Weirdness & Mutations

You are immune to all types of fire, even holy and hellish.
You are vulnerable to cold.
You need no food.
You have no legs.
You are immune to negative energy.


Message History

Crazy Yiuf hits you with a quarterstaff of chaos!
* * * LOW HITPOINT WARNING * * *
You hit Crazy Yiuf but do no damage.
Crazy Yiuf is almost dead.
* * * LOW HITPOINT WARNING * * *
You feel sick.
Crazy Yiuf yells, "Snoogle tired action!"
Crazy Yiuf hits you with a quarterstaff of chaos.
* * * LOW HITPOINT WARNING * * *
You hit Crazy Yiuf.
Crazy Yiuf is almost dead.
* * * LOW HITPOINT WARNING * * *
You feel sick. You block Crazy Yiuf's attack.
You hit Crazy Yiuf.
Crazy Yiuf is almost dead.
* * * LOW HITPOINT WARNING * * *
You feel sick.
Crazy Yiuf says, "Goldfish koolooloo light!"
Crazy Yiuf hits you with a quarterstaff of chaos!
You die...

......###........#
#..######..## ......#
#........# #.. #..#
.)....###........#
#..######..#
........########## #
#..)....## ........#
#.........
........#######
#.........
............#.### ###
#...##....
.........).).#..##...#
#...##....
.........)..####@g...#
#...##....
...........## ###..)#
#...##....
........#### ###
#...##.... .......#
#......... ......#
#......... .....#
##########.........
.....
#..........####.... .
#..........# #....
#..........# #....


You could see Crazy Yiuf.

Vanquished Creatures
  Terence (D:2)
  2 adders
  A worm (D:3)
  3 giant geckos
  3 oozes (D:1)
  6 orcs (D:3)
  A giant cockroach (D:2)
  5 goblins
  11 hobgoblins
  13 kobolds
  3 quokkas
  A ball python (D:2)
  10 bats
  3 giant newts
  5 rats
68 creatures vanquished.

Notes
Turn   | Place    | Note
--------------------------------------------------------------
     0 | D:1      | Malachi, the Djinni Fighter, began the quest for the Orb.
     0 | D:1      | Reached XP level 1. HP: 16/16 MP: 0/0
   281 | D:1      | Reached XP level 2. EP: 22/22
   550 | D:1      | Reached XP level 3. EP: 29/29
   852 | D:2      | Reached skill level 1 in Dodging
   861 | D:2      | Noticed Terence
   887 | D:2      | Killed Terence
   887 | D:2      | Reached skill level 4 in Armour
  1043 | D:2      | Found a sparkling altar of Nemelex Xobeh.
  1043 | D:2      | Found a burning altar of Makhleb.
  1047 | D:2      | Reached XP level 4. EP: 35/35
  1744 | D:2      | Noticed Sigmund
  2192 | D:3      | Noticed Crazy Yiuf
  2211 | D:3      | Slain by Crazy Yiuf

Action                   |  1- 3 |  4- 6 || total
-------------------------+-------+-------++-------
Melee: Falchion          |   189 |   114 ||   303
  Use: Scroll            |     5 |     2 ||     7
       Potion            |       |     2 ||     2
